 Dungeon Crawl Stone Soup version 0.31.0-9-g3a7656b989 (webtiles) character file.

Game seed: 17072770868603115806

64241 Colgate the Destroyer (level 15, -5/144 HPs)
             Began as a Naga Shapeshifter on Jan 27, 2024.
             Was an Initiate of Gozag.
             Killed by an exploding ball lightning (12 damage)
             ... on level 1 of the Orcish Mines.
             The game lasted 02:41:26 (30372 turns).

Colgate the Destroyer (Naga Shapeshifter)          Turns: 30372, Time: 02:41:26

Health: -5/144     AC: 22    Str: 20    XL:     15   Next: 12%
Magic:  12/28      EV:  8    Int: 26    God:    Gozag
Gold:   4793       SH:  0    Dex:  7    Spells: 5/32 levels left

rFire   . . .        b - +2 sling of Pain and Death {drain, Str+3 Int+3 Dex-4}
rCold   . . .        (no shield)
rNeg    + . .        u - +2 robe {rN+}
rPois   +            g - +2 helmet
rElec   .            D - +1 cloak {rCorr}
rCorr   +            (no gloves)
SInv    +            e - +4 barding
Will    +....        L - amulet of magic regeneration
Stlth   +++          O - ring of flight
HPRegen 0.44/turn    W - +6 ring of intelligence
MPRegen 0.61/turn

%: no passive effects
@: gold aura, flying, studying Shields, very slow
A: AC +5, large, see invisible, deformed body, poison resistance, slowness 2,
spit poison 1, naga tail 2
a: Spit Poison, Renounce Religion, Potion Petition, Call Merchant, Bribe Branch


You were on level 1 of the Orcish Mines.
You worshipped Gozag.
Gozag was most pleased with you.
You visited 4 branches of the dungeon, and saw 19 of its levels.

You collected 5709 gold pieces.
You spent 630 gold pieces at shops.
You paid 286 gold pieces to Gozag.

Inventory:

Hand Weapons
 a - the +8 rapier of the Sky {venom, Dex+6}
   (You took it off a goblin on level 3 of the Dungeon)

   Dex+6:     It affects your dexterity (+6).
 b - the +2 sling of Pain and Death (weapon) {drain, Str+3 Int+3 Dex-4}
   (You found it on level 5 of the Lair of Beasts)

   Str+3:     It affects your strength (+3).
   Int+3:     It affects your intelligence (+3).
   Dex-4:     It affects your dexterity (-4).
 m - a +8 broad axe of electrocution
 X - the +1 long sword of Eternity {vamp, rF+++ Dex-5}
   (You found it on level 5 of the Lair of Beasts)

   Dex-5:     It affects your dexterity (-5).
   rF+++:     It renders you almost immune to fire.
Missiles
 q - 4 throwing nets {!f}
 A - 3 curare-tipped darts
 Q - 61 poisoned darts
 R - 9 javelins
Armour
 c - a scarf of repulsion
 e - a +4 barding (worn)
 g - a +2 helmet (worn)
 u - a +2 robe of positive energy (worn)
 D - a +1 cloak of preservation (worn)
 Z - a scarf of shadows
Jewellery
 z - a ring of ice
 K - a ring of willpower
 L - an amulet of magic regeneration (around neck)
 O - a ring of flight (left hand)
 W - a +6 ring of intelligence (right hand)
 Y - a ring of willpower
Wands
 l - a wand of quicksilver (26) {@v1}
 r - a wand of flame (38)
 x - a wand of iceblast (18) {@v2}
 T - a wand of polymorph (6)
 U - a wand of mindburst (12)
 V - a wand of digging (7) {@v3}
Scrolls
 h - a scroll of immolation
 i - 4 scrolls of poison
 j - 5 scrolls of noise
 k - 15 scrolls of teleportation {@r3}
 p - 4 scrolls of amnesia
 s - a scroll of fear
 t - a scroll of torment
 w - 3 scrolls of vulnerability
 B - 4 scrolls of revelation
 C - a scroll of butterflies
 E - a scroll of silence
 I - 3 scrolls of blinking {@r4}
 J - 2 scrolls of fog
Potions
 f - 4 potions of lignification
 n - 8 potions of curing {@q1}
 o - 4 potions of enlightenment
 v - 3 potions of heal wounds {@q2}
 y - a potion of mutation {unknown}
 F - a potion of resistance {unknown}
 G - 2 potions of might {unknown}
 H - a potion of ambrosia {unknown}
 M - 2 potions of haste {@q4}
 N - a potion of brilliance {unknown}
 P - a potion of magic
 S - a potion of invisibility {unknown}
Miscellaneous
 d - a phial of floods


   Skills:
 - Level 12.0 Fighting
 - Level 2.9 Armour
 - Level 4.3 Dodging
 - Level 7.1 Stealth
 - Level 3.0 Unarmed Combat
 - Level 9.1 Spellcasting
 + Level 13.0 Conjurations
 - Level 7.6 Ice Magic
 - Level 12.0 Air Magic
 - Level 7.5 Alchemy
 - Level 2.0 Evocations
 - Level 3.0 Shapeshifting


You had 5 spell levels left.
You knew the following spells:

 Your Spells              Type           Power      Damage    Failure   Level
a - Mercury Vapours       Alch/Air       100%       N/A       1%          2
b - Airstrike             Air            32%        2d(5-21)  1%          4
c - Mephitic Cloud        Conj/Alch/Air  62%        N/A       1%          3
d - Fulminant Prism       Conj/Alch      30%        3d16      1%          4
e - Freezing Cloud        Conj/Ice/Air   31%        6-21      1%          5
f - Ozocubu's Armour      Ice            51%        N/A       1%          3
g - Conjure Ball Lightni  Conj/Air       33%        3x3d11    4%          6

Your spell library contained the following spells:

 Spells                   Type           Power      Damage    Failure   Level
 Magic Dart               Conj           100%       1d8       1%          1
 Shock                    Conj/Air       100%       1d9       1%          1
 Cigotuvi's Dreadful Rot  Necr/Alch/Air  90%        N/A       1%          2
 Searing Ray              Conj           100%       2d8       1%          2
 Dazzling Flash           Conj/Hex       90%        N/A       1%          3
 Stone Arrow              Conj/Erth      90%        3d12      1%          3
 Swiftness                Air            65%        N/A       1%          3
 Iskenderun's Battlesphe  Conj           68%        2d12      1%          5
 Brom's Barrelling Bould  Conj/Erth      45%        2d6       3%          4
 Sandblast                Erth           22%        2d7       4%          1
 Fireball                 Conj/Fire      22%        3d10      10%         5
 Silence                  Hex/Air        21%        N/A       12%         5
 Fugue of the Fallen      Necr           11%        N/A       16%         3
 Passwall                 Erth           11%        N/A       16%         3
 Dispel Undead            Necr           11%        3d9       45%         4
 Manifold Assault         Tloc           11%        N/A       45%         4
 Martyr's Knell           Necr/Summ      11%        N/A       45%         4
 Curse of Agony           Necr           11%        N/A       80%         5
 Orb of Destruction       Conj           34%        9d10      21%         7
 Death Channel            Necr           5%         N/A       100%        6


Dungeon Overview and Level Annotations

Branches:
Dungeon (12/15)            Temple (1/1) D:4            Lair (5/5) D:10
  Swamp (0/4) Lair:3       Spider (0/4) Lair:3        Slime (0/5) Lair:5
    Orc (1/2) D:9

Altars:
Ashenzari
Cheibriados
Dithmenos
Elyvilon
Fedhas
Gozag
Hepliaklqana
Kikubaaqudgha
Makhleb
Nemelex Xobeh
Okawaru
Qazlal
Ru
Sif Muna
Trog
Uskayaw
Vehumet
Wu Jian
Xom
Yredelemnul
Zin
The Shining One
Jiyva
Lugonu

Shops:
D:7 =[   D:12 ?*

Portals:
Abyss: Lair:5

Annotations:
D:5 5 runed translucent doors
D:8 3 runed translucent doors, wooly's ghost, novice DEEE
D:12 very ugly thing, occultist
Lair:5 1 runed translucent door, mihai's ghost, journeyman DECj


Innate Abilities, Weirdness & Mutations

Your serpentine skin is tough. (AC +5)
You have supernaturally acute eyesight. (SInv)
Armour fits poorly on your strangely shaped body.
Your system is resistant to poisons. (rPois)
You cover ground very slowly.
You can spit poison.
You can use your snake-like lower body to constrict enemies.


Message History

The blast of lightning engulfs your ball lightning.
Your ball lightning completely resists.
The blast of lightning engulfs the troll!!
You kill the troll!
The blast of lightning engulfs your ball lightning.
Your ball lightning completely resists.
Your ball lightning explodes!
The blast of lightning engulfs your ball lightning.
Your ball lightning completely resists.
The blast of lightning engulfs the orc warrior! x2
The blast of lightning engulfs the orc knight!
The blast of lightning engulfs your ball lightning.
Your ball lightning completely resists.
The blast of lightning engulfs the warg!
The blast of lightning engulfs you!!
The warg is distracted by your dazzling golden aura.
Your ball lightning explodes!
The blast of lightning engulfs you!
The blast of lightning engulfs the warg!!
You kill the warg!
The blast of lightning engulfs the orc warrior!!
You kill the orc warrior!
You hear a shout! x3
Your Conjurations skill increases to level 13!
Your ball lightning explodes!
The blast of lightning engulfs the orc!!
You kill the orc!
The blast of lightning engulfs the orc knight!
The blast of lightning engulfs the orc warrior!!
You kill the orc warrior!
The blast of lightning engulfs you!!
* * * LOW HITPOINT WARNING * * *
Your ball lightning explodes!
The blast of lightning engulfs the troll!!
The blast of lightning engulfs you!!
* * * LOW HITPOINT WARNING * * *
Your ball lightning explodes!
The blast of lightning engulfs you!
You die...
Your body crumbles into a pile of gold.

.. .....#....#
..$##....#....#
...#.....O.....
#.#............
....$..........
....o.........#
....$$.$.T...#
....$$.@>...#
#..............
.......§.....#.
...........o$..
#...$.........#
.............#.
..#.........#..
.....#..$......


You could see an orc knight, a troll, an orc warrior and an ogre.

Vanquished Creatures
  Nessos (Lair:3)
  2 hydras (Lair:5)
  An ogre mage (D:11)
  6 two-headed ogres
  2 boulder beetles
  6 death yaks (Lair:5)
  2 thrashing horrors (Lair:5)
  Lodul (D:11)
  3 skysharks
  2 spriggan druids (Lair:3)
  Pikel (D:6)
  3 large abominations (Lair:5)
  2 manticores
  10 ugly things
  A cyclops (D:11)
  A meliai (Lair:3)
  A salamander (shapeshifter) (Lair:5)
  An ice statue (Lair:5)
  11 elephants (Lair:4)
  7 black mambas
  3 smoke demons (Lair:5)
  4 rime drakes
  12 cane toads
  An unseen horror (D:12)
  Psyche (D:11)
  An ice devil (Lair:5)
  3 komodo dragons
  4 polar bears
  Grinder (D:5)
  8 trolls
  2 raiju (Lair:5)
  2 hornets (Lair:3)
  28 blink frogs
  Sigmund (D:5)
  A vampire (D:12)
  4 wyverns
  2 spriggans
  6 small abominations (Lair:5)
  40 yaks
  A shadow (D:12)
  2 ynoxinuls (Lair:5)
  5 basilisks
  A warg (Orc:1)
  Eustachio (D:6)
  A steam dragon (Lair:1)
  4 vampire mosquitoes (D:12)
  A chaos spawn (Lair:5)
  2 acid dragons
  16 water moccasins
  3 sky beasts
  A black bear (D:6)
  6 orc warriors
  11 ogres
  11 ice beasts
  8 wolves
  3 centaurs
  A lemure (D:6)
  11 kobold brigands
  Blork the orc (D:6)
  3 gnoll sergeants
  13 bullfrogs
  A scorpion (D:4)
  7 wights
  9 killer bees
  3 howler monkeys (D:10)
  2 jellies
  A bombardier beetle (D:5)
  6 orc priests
  3 hounds
  3 gnoll boudas
  Crazy Yiuf (D:2)
  3 sleepcaps
  Natasha (thrice) (D:3)
  Terence (D:3)
  20 orc wizards
  An iguana (D:4)
  10 hell rats
  Ijyb (D:5)
  Robin (D:3)
  35 gnolls
  11 adders
  A river rat (D:3)
  2 shadow imps (D:8)
  5 white imps
  4 ufetubi
  3 dart slugs
  A ribbon worm (D:3)
  42 orcs
  13 ball pythons
  7 endoplasms
  A giant cockroach (D:4)
  14 goblins
  6 hobgoblins
  6 jackals (D:2)
  6 quokkas
  5 bats
  5 frilled lizards
  29 kobolds
  5 rats
  2 fulminant prisms
573 creatures vanquished.

Vanquished Creatures (collateral kills)
  A ball lightning (Lair:5)
1 creature vanquished.

Vanquished Creatures (others)
  109 ball lightnings
  54 fulminant prisms
163 creatures vanquished.

Grand Total: 737 creatures vanquished

Notes
Turn   | Place    | Note
-------+----------+-------------------------------------------
     0 | D:1      | Colgate the Naga Shapeshifter began the quest for the Orb.
     0 | D:1      | Reached XP level 1. HP: 18/18 MP: 1/1
    48 | D:1      | Reached skill level 1 in Stealth
   121 | D:1      | Found a faded altar of an unknown god.
   133 | D:1      | Reached XP level 2. HP: 25/25 MP: 2/2
   151 | D:1      | Prayed at the altar of an unknown god.
   151 | D:1      | Became a worshipper of Elyvilon the Healer
   151 | D:1      | Reached * piety under Elyvilon
   687 | D:1      | Reached XP level 3. HP: 27/31 MP: 3/3
   781 | D:2      | Reached ** piety under Elyvilon
  1107 | D:2      | Reached skill level 5 in Stealth
  1160 | D:2      | Found a runed translucent door.
  1161 | D:2      | Noticed Crazy Yiuf
  1283 | D:2      | Reached skill level 1 in Spellcasting
  1477 | D:3      | Reached XP level 4. HP: 38/38 MP: 5/5
  1545 | D:3      | Noticed Natasha
  1553 | D:3      | Killed Natasha
  1565 | D:3      | Noticed Terence
  1574 | D:3      | Found a sacrificial altar of Ru.
  1583 | D:3      | Killed Terence
  1584 | D:3      | Reached XP level 5. HP: 29/44 MP: 7/9
  1646 | D:3      | Noticed Robin
  1665 | D:3      | Killed Robin
  1674 | D:3      | Identified the +8 rapier of the Sky {venom, Dex+6}
  1736 | D:3      | Reached *** piety under Elyvilon
  2077 | D:3      | Noticed Natasha
  2093 | D:3      | Killed Natasha
  2419 | D:3      | Noticed Natasha
  2427 | D:3      | Killed Natasha
  2428 | D:3      | Reached XP level 6. HP: 51/51 MP: 10/12
  2592 | D:4      | Reached **** piety under Elyvilon
  2755 | D:4      | Reached XP level 7. HP: 43/57 MP: 13/13
  3132 | D:4      | Reached skill level 5 in Air Magic
  3375 | D:4      | Found a staircase to the Ecumenical Temple.
  3392 | Temple   | Entered the Ecumenical Temple
  3411 | Temple   | Fell from the grace of Elyvilon
  3411 | Temple   | Became a worshipper of Gozag Ym Sagoz the Greedy
  3557 | D:5      | Entered Level 5 of the Dungeon
  4132 | D:5      | Reached XP level 8. HP: 33/64 MP: 14/14
  4292 | D:5      | Noticed Grinder
  4326 | D:5      | Killed Grinder
  4469 | D:5      | Noticed Sigmund
  4485 | D:5      | Killed Sigmund
  4505 | D:5      | Learned a level 2 spell: Mercury Vapours
  4510 | D:5      | Learned a level 4 spell: Airstrike
  4634 | D:5      | Found an ornate altar of the Wu Jian Council.
  4856 | D:5      | Found a runed translucent gate.
  4860 | D:5      | Found a runed translucent gate.
  4860 | D:5      | Found a runed translucent door.
  4871 | D:5      | Found the +9 staff of Olgreb {rPois∞}
  4875 | D:5      | Found a runed translucent door.
  4888 | D:5      | Noticed Ijyb
  4891 | D:5      | Killed Ijyb
  4977 | D:5      | Found a runed translucent gate.
  4986 | D:5      | Found an iron altar of Okawaru.
  5109 | D:5      | Found a hazy altar of Hepliaklqana.
  5254 | D:6      | Reached skill level 5 in Spellcasting
  5258 | D:6      | Reached skill level 1 in Alchemy
  5349 | D:6      | Learned a level 3 spell: Mephitic Cloud
  5377 | D:6      | Reached XP level 9. HP: 70/70 MP: 16/16
  5402 | D:6      | Reached skill level 2 in Conjurations
  5435 | D:6      | Noticed a manticore
  5574 | D:6      | Killed a manticore
  5706 | D:6      | Noticed a red ugly thing
  5724 | D:5      | Killed a red ugly thing
  5725 | D:5      | Reached skill level 10 in Air Magic
  5914 | D:6      | Noticed Pikel
  5920 | D:6      | Killed Pikel
  6181 | D:6      | Noticed Blork the orc
  6210 | D:6      | Killed Blork the orc
  6215 | D:6      | Noticed a troll
  6395 | D:6      | Noticed Eustachio
  6520 | D:6      | Killed Eustachio
  6521 | D:6      | Reached XP level 10. HP: 78/78 MP: 12/17
  6989 | D:7      | Found Obotzuk's Armour Boutique.
  7726 | D:7      | Identified the +1 whip of Descent {venom, Int-2 Dex+10}
  7773 | D:7      | Found a broken altar of Ashenzari.
  8693 | D:7      | Found Neofysi's Jewellery Emporium.
  9844 | D:8      | Reached skill level 3 in Conjurations
 10127 | D:8      | Noticed a two-headed ogre
 10144 | D:7      | Killed a two-headed ogre
 10145 | D:7      | Reached skill level 4 in Conjurations
 10366 | D:8      | Found a runed translucent gate.
 10461 | D:8      | Reached skill level 5 in Conjurations
 10991 | D:8      | Found a runed translucent gate.
 10991 | D:8      | Found a runed translucent gate.
 10993 | D:8      | Noticed wooly's ghost (novice DEEE)
 11144 | D:8      | Found a viscous altar of Jiyva.
 11367 | D:2      | Killed Crazy Yiuf
 11911 | D:9      | Reached skill level 6 in Conjurations
 12357 | D:9      | Reached XP level 11. HP: 84/84 MP: 8/21
 12690 | D:9      | Reached skill level 7 in Conjurations
 13123 | D:9      | Learned a level 4 spell: Fulminant Prism
 13355 | D:9      | Reached skill level 5 in Alchemy
 13734 | D:9      | Found a staircase to the Orcish Mines.
 13951 | D:10     | Entered Level 10 of the Dungeon
 14397 | D:7      | Bought an amulet of magic regeneration for 420 gold pieces
 14688 | D:10     | Found a staircase to the Lair.
 14877 | D:10     | Reached skill level 1 in Ice Magic
 14883 | D:10     | Learned a level 5 spell: Freezing Cloud
 15256 | D:10     | Found a hide-covered altar of Uskayaw.
 15496 | D:11     | Noticed a boulder beetle
 15670 | D:11     | Noticed Lodul
 15677 | D:11     | Killed Lodul
 15678 | D:11     | Reached skill level 5 in Ice Magic
 16689 | D:11     | Noticed Psyche
 16693 | D:11     | Killed Psyche
 16709 | D:11     | Noticed a cyclops
 16723 | D:11     | Killed a cyclops
 16953 | D:11     | Noticed an ogre mage
 16953 | D:11     | Noticed a two-headed ogre
 16953 | D:11     | Noticed a two-headed ogre
 16953 | D:11     | Noticed a two-headed ogre
 16994 | D:11     | Noticed a two-headed ogre
 16995 | D:11     | Killed an ogre mage
 16995 | D:11     | Killed a two-headed ogre
 16996 | D:11     | Reached XP level 12. HP: 91/91 MP: 17/22
 17000 | D:11     | Killed a two-headed ogre
 17036 | D:11     | Noticed a two-headed ogre
 17039 | D:11     | Killed a two-headed ogre
 17096 | D:11     | Killed a two-headed ogre
 17185 | D:11     | Killed a two-headed ogre
 17186 | D:11     | Reached skill level 1 in Armour
 17423 | D:11     | Killed a boulder beetle
 18121 | D:12     | Found Ytuesimo's Magic Scroll Boutique.
 18429 | D:12     | Reached skill level 5 in Fighting
 18531 | D:12     | Noticed an occultist
 18589 | D:12     | Found Tivo's Blood Bar.
 18682 | D:12     | Noticed a white very ugly thing
 18715 | D:12     | Identified the +2 whip of Defiance {venom, Str+6 Int-2}
 18780 | Lair:1   | Entered Level 1 of the Lair of Beasts
 19140 | Lair:1   | Gained mutation: You can use your snake-like lower body to
                  | constrict enemies. [Naga growth]
 19140 | Lair:1   | Reached XP level 13. HP: 109/115 MP: 25/25
 19720 | Lair:1   | Identified the +2 pair of boots of the Everdark {rC+ Str+3}
 21944 | Lair:2   | Learned a level 3 spell: Ozocubu's Armour
 21980 | Lair:3   | Noticed Nessos
 22178 | Lair:3   | Killed Nessos
 23067 | Lair:3   | Reached skill level 10 in Fighting
 23727 | Lair:3   | Found a hole to the Spider Nest.
 24001 | Lair:3   | Found a staircase to the Swamp.
 25287 | D:12     | Bought a scroll of brand weapon for 95 gold pieces
 25287 | D:12     | Bought a scroll of revelation for 75 gold pieces
 25287 | D:12     | Bought 2 scrolls of identify for 40 gold pieces
 25487 | Lair:4   | Identified a scroll of acquirement
 25798 | Lair:4   | Reached XP level 14. HP: 128/138 MP: 5/26
 26413 | Lair:5   | Entered Level 5 of the Lair of Beasts
 26941 | Lair:5   | Reached skill level 8 in Conjurations
 27138 | Lair:5   | Reached skill level 9 in Conjurations
 27138 | Lair:5   | Acquired a book of the Spheres
 27147 | Lair:5   | Learned a level 6 spell: Conjure Ball Lightning
 27703 | Lair:5   | Reached skill level 10 in Conjurations
 27909 | Lair:5   | Found a corrupted altar of Lugonu.
 27909 | Lair:5   | Found a one-way gate to the infinite horrors of the Abyss.
 28379 | Lair:5   | Found a runed translucent door.
 28380 | Lair:5   | Noticed mihai's ghost (journeyman DECj)
 28423 | Lair:5   | Found a staircase to the Slime Pits.
 28446 | Lair:5   | Reached skill level 11 in Conjurations
 28806 | Lair:5   | Reached skill level 12 in Conjurations
 29210 | Lair:4   | Reached XP level 15. HP: 124/144 MP: 6/28
 30151 | Lair:5   | Identified the +1 long sword of Eternity {vamp, rF+++
                  | Dex-5}
 30155 | Lair:5   | Identified the ring "Gopp" {*Slow rPois Will+ Slay+4}
 30157 | Lair:5   | Identified the +2 sling of Pain and Death {drain, Str+3
                  | Int+3 Dex-4}
 30368 | Orc:1    | Entered Level 1 of the Orcish Mines
 30372 | Orc:1    | Reached skill level 13 in Conjurations
 30372 | Orc:1    | HP: 7/144 [spore (19)]
 30372 | Orc:1    | Killed by an exploding ball lightning

Illustrated notes

Levels and vault maps discovered:
D:1:      saegor_arrival_under_anarchy, layout_loops_ring,
          nicolae_ecumenical_snake_handling
D:2:      layout_rooms, fountainhead, uniq_crazy_yiuf_cottage
D:3:      layout_loops_ring, mainiacjoe_overflow_chevrons, portal_sewer_entry_a,
          minmay_misc_feat_doors, nicolae_underground_beach, uniq_terence,
          uniq_robin, uniq_natasha
D:4:      layout_basic, minmay_temple_entry_fiery, amcnicky_mini_pool_small,
          minmay_box_of_dots
D:5:      layout_rooms, mainiacjoe_overflow_brackets, okawaru_metal_pillars_1_2,
          nicolae_hepliaklqana_hippocampus,
          minmay_guarded_unrand_staff_of_olgreb, uniq_ijyb, uniq_sigmund,
          uniq_grinder
D:6:      layout_loops_ring, minmay_chambers_of_fives, uniq_pikel,
          uniq_eustachio, uniq_blork_the_orc
D:7:      layout_basic, evilmike_ruin_ashenzari, serial_shops, shop,
          nicolae_shop_peninsula
D:8:      layout_cave_pools, gammafunk_ghost_ooze, serial_demonic,
          serial_demonic_c, serial_demonic_g, serial_demonic_c,
          serial_demonic_g, chequers_serial_rivers_micro_d, hex_medium,
          grunt_ministairs_14
D:9:      layout_cross, kennysheep_orc_monster_closet_entryway,
          kennysheep_generic_room_6
D:10:     layout_basic, mainiacjoe_overflow_alcove_2, hellmonk_lair_entry_icy
D:11:     layout_loops_cross, the_hattery, uniq_lodul, uniq_psyche
D:12:     cheibrodos_breeding_chamber, layout_cave_pools, serial_shops, shop,
          guppyfry_shop_blood
Temple:   nicolae_temple_bog_church
Lair:1:   layout_gridlike
Lair:2:   layout_chaotic_city
Lair:3:   layout_big_grid, mainiacjoe_swamp_entry_angry_trees,
          hellmonk_spider_entry_not_the_bees, uniq_nessos
Lair:4:   layout_gridlike, grunt_forest_large_clearing_hut
Lair:5:   hellmonk_lair_end_abyssal_woods, layout_regular_city, slime_entry_1,
          hellmonk_ghost_happy_afterlife, ice2_lemuel, infiniplex_staircase_pool
Orc:1:    layout_caves, nicolae_orc_stalacmites, kennysheep_orc_chapel

Skill      XL: |  1  2  3  4  5  6  7  8  9 10 11 12 13 14 15 |
---------------+----------------------------------------------+-----
Stealth        | 2 4 5 7 |  7.1
Spellcasting   | 1 2 4 5 7 8 9 |  9.1
Air Magic      | 3 6 8 11 12 | 12.0
Alchemy        | 2 7 |  7.5
Conjurations   | 2 6 7 12 13 | 13.0
Ice Magic      | 7 |  7.6
Fighting       | 7 12 | 12.0
Armour         | 2 |  2.9
Evocations     | 2 |  2.0
Dodging        | 2 4 |  4.3
Unarmed Combat | |  3.0
Shapeshifting  | |  3.0

Action                     |  1- 3 |  4- 6 |  7- 9 | 10-12 | 13-15 || total
---------------------------+-------+-------+-------+-------+-------++-------
  Melee: Unarmed           |    43 |    33 |       |       |       ||    76
         Rapier            |       |    52 |   101 |   205 |    74 ||   432
         Punch             |       |     1 |     4 |     3 |     5 ||    13
         Dagger            |       |       |       |     9 |       ||     9
         Constrict         |       |       |       |       |    21 ||    21
         Broad axe         |       |       |       |       |    15 ||    15
   Cast: Airstrike         |       |       |    38 |   150 |    63 ||   251
         Mercury Vapours   |       |       |    10 |     6 |     4 ||    20
         Mephitic Cloud    |       |       |     2 |    22 |     2 ||    26
         Fulminant Prism   |       |       |       |    40 |    16 ||    56
         Freezing Cloud    |       |       |       |    21 |   135 ||   156
         Ozocubu's Armour  |       |       |       |       |     4 ||     4
         Conjure Ball Ligh |       |       |       |       |    43 ||    43
 Invoke: Potion Petition   |       |       |       |       |     1 ||     1
Ability: Spit Poison       |    56 |    44 |    61 |    38 |     6 ||   205
    Use: Scroll            |     3 |     4 |     5 |     5 |    12 ||    29
         Potion            |       |       |     2 |       |       ||     2
   Stab: Sleeping          |       |     1 |       |     5 |     1 ||     7
         Confused          |       |       |     1 |     9 |       ||    10
         Distracted        |       |       |       |     2 |     2 ||     4
 Armour: Animal skin       |     2 |       |       |       |       ||     2
         Ring mail         |    20 |     9 |       |       |       ||    29
         Chain mail        |       |    92 |    68 |       |       ||   160
         Robe              |       |       |    40 |   160 |   216 ||   416
  Dodge: Dodged            |    19 |    17 |    55 |   156 |    68 ||   315
         Form:             |       |     1 |       |       |       ||     1
         Beast             |       |     1 |       |       |       ||     1
